 Dungeon Crawl Stone Soup version 0.28.0 (webtiles) character file.

Game seed: 7309339364828235159

553 Host24 the Quickloader (level 7, 0/41 HPs)
             Began as a Kobold Hunter on Feb 19, 2022.
             Slain by an orc (9 damage)
             ... on level 5 of the Dungeon.
             The game lasted 00:08:56 (5336 turns).

Host24 the Quickloader (Kobold Hunter)              Turns: 5336, Time: 00:08:56

Health: 0/41       AC:  5    Str: 11    XL:     7   Next: 55%
Magic:  7/7        EV: 15    Int: 13    God:
Gold:   159        SH:  0    Dex: 21    Spells: 6/6 levels left

rFire   + . .      SeeInvis .   b - +0 short sword
rCold   . . .      Faith    .   (no shield)
rNeg    . . .      Spirit   .   p - +1 leather armour {rF+}
rPois   .          Reflect  .   k - +0 helmet
rElec   .          Harm     .   (no cloak)
rCorr   .          Rampage  .   (no gloves)
Will    .....                   (no boots)
Stlth   +++.......              (no amulet)
HPRegen 0.13/turn               t - +6 ring of dexterity
MPRegen 0.10/turn               (no ring)

@: no status effects
A: small, no large weapons, nightstalker 3
a: no special abilities


You were on level 5 of the Dungeon.
You visited 1 branch of the dungeon, and saw 7 of its levels.

You collected 159 gold pieces.

Inventory:

Hand Weapons
 a - a +1 hand crossbow
 b - a +0 short sword (weapon)
 l - a +2 hunting sling of flaming
 s - a +0 hand axe of electrocution
Missiles
 d - 26 bolts
 e - 126 stones (quivered)
 o - 6 poisoned darts
 q - 4 datura-tipped darts
 u - 19 sling bullets
Armour
 k - a +0 helmet (worn)
 p - a +1 leather armour of fire resistance (worn)
Jewellery
 t - a +6 ring of dexterity (left hand)
Wands
 x - a wand of paralysis (8)
Scrolls
 f - 10 scrolls of identify {unknown}
 h - a scroll of fog {unknown}
 i - a scroll of amnesia {unknown}
 m - 3 scrolls of teleportation {unknown}
 w - a scroll of noise {unknown}
Potions
 c - a potion of ambrosia {unknown}
 g - 2 potions of degeneration {unknown}
 j - 2 potions of lignification {unknown}
 n - 2 potions of heal wounds {unknown}
 r - a potion of invisibility {unknown}
 v - 2 potions of might {unknown}


   Skills:
 - Level 3.0 Fighting
 + Level 9.8 Crossbows
 - Level 3.0 Dodging
 - Level 1.3 Stealth


You had 6 spell levels left.
You didn't know any spells.
Your spell library was empty.

Dungeon Overview and Level Annotations

Branches:
Dungeon (7/15)
 Temple: D:4-7

Altars:
Sif Muna
Wu Jian
The Shining One


Innate Abilities, Weirdness & Mutations

You are small and have problems with some larger weapons.
You are completely attuned to the shadows.


Message History

Fire: 31 bolts
Press: ? - help, Q - select action, (/) - cycle Shift-Dir - straight line, f/p - orc wizard
Aim: an orc wizard, wielding a +0 dagger and wearing a +0 robe (heavily wounded, 65% to hit)
You shoot a bolt. The bolt hits the orc wizard.
The orc wizard is heavily wounded.
The orc wizard points at you and mumbles some strange words.
The puff of flame hits you. You resist.
Fire: 30 bolts
Press: ? - help, Q - select action, (/) - cycle Shift-Dir - straight line, f/p - orc wizard
Aim: an orc wizard, wielding a +0 dagger and wearing a +0 robe (heavily wounded, 65% to hit)
You shoot a bolt. The bolt hits the orc wizard!
You kill the orc wizard!
Fire: 29 bolts
Press: ? - help, Q - select action, (/) - cycle Shift-Dir - straight line, f - orc
Aim: an orc, wielding a +1 short sword of freezing (71% to hit)
You shoot a bolt. The bolt closely misses the orc.
The orc hits you with a +0 war axe!
Unknown command.
Fire: 28 bolts
Press: ? - help, Q - select action, (/) - cycle Shift-Dir - straight line, f/p - orc
Aim: an orc, wielding a +1 short sword of freezing (71% to hit)
You shoot a bolt. The bolt hits the orc.
The orc is severely wounded.
The orc barely misses you.
The orc hits you with a +1 short sword of freezing.
The orc freezes you.
Fire: 27 bolts
Press: ? - help, Q - select action, (/) - cycle Shift-Dir - straight line, f/p - orc
Aim: an orc, wielding a +1 short sword of freezing (severely wounded, 71% to hit)
You shoot a bolt. The bolt hits the orc!
You kill the orc!
The orc misses you.
b - a +0 short sword (weapon)
You barely miss the orc. The orc barely misses you.
You barely miss the orc. The orc hits you with a +0 war axe!
* * * LOW HITPOINT WARNING * * *
You hit the orc.
The orc is heavily wounded.
The orc hits you with a +0 war axe!
You die...

....>.... ......#.#
........# ##.......
##..............((.
......#....#....).#
......#.........).#
.........# ....o).#
.........######@..#
..................#
......###........##
......###..........
......#..........##
+...........
#...........
#...........
+..........#


You could see an orc.

Vanquished Creatures
  A water moccasin (D:4)
  A bullfrog (D:6)
  A water moccasin zombie (D:6)
  An orc priest (D:5)
  A jelly (D:7)
  Natasha (twice) (D:2)
  2 orc wizards (D:5)
  A howler monkey zombie (D:3)
  Robin (D:2)
  4 adders
  4 dart slugs
  8 orcs
  6 ball pythons
  4 bats
  9 endoplasms
  2 giant cockroaches
  15 goblins
  5 hobgoblins
  2 jackals (D:3)
  7 quokkas
  7 frilled lizards
  11 kobolds
  9 rats
104 creatures vanquished.

Vanquished Creatures (others)
  82 plants (D:2)
82 creatures vanquished.

Grand Total: 186 creatures vanquished

Notes
Turn   | Place    | Note
-------+----------+-------------------------------------------
     0 | D:1      | Host24 the Kobold Hunter began the quest for the Orb.
     0 | D:1      | Reached XP level 1. HP: 12/12 MP: 1/1
   105 | D:1      | Reached skill level 5 in Crossbows
   312 | D:1      | Reached XP level 2. HP: 7/17 MP: 2/2
  1044 | D:1      | Reached XP level 3. HP: 23/23 MP: 3/3
  1852 | D:2      | Found a shimmering blue altar of Sif Muna.
  1941 | D:2      | Reached XP level 4. HP: 17/28 MP: 4/4
  2263 | D:2      | Noticed Robin
  2351 | D:2      | Reached skill level 6 in Crossbows
  2487 | D:2      | Killed Robin
  2811 | D:2      | Reached XP level 5. HP: 29/32 MP: 5/5
  3149 | D:2      | Noticed Natasha
  3154 | D:2      | Killed Natasha
  3155 | D:2      | Reached skill level 7 in Crossbows
  3219 | D:2      | Noticed Natasha
  3224 | D:2      | Killed Natasha
  3951 | D:3      | Reached XP level 6. HP: 37/37 MP: 6/6
  4326 | D:3      | Found a faded altar of an unknown god.
  4879 | D:4      | Noticed a water moccasin
  4883 | D:4      | Killed a water moccasin
  4884 | D:4      | Reached skill level 8 in Crossbows
  4902 | D:4      | You fall into a shaft and drop 3 floors!
  4906 | D:7      | Found an ornate altar of the Wu Jian Council.
  4931 | D:7      | Noticed a water moccasin
  5083 | D:6      | Reached skill level 9 in Crossbows
  5083 | D:6      | Reached XP level 7. HP: 37/41 MP: 7/7
  5170 | D:6      | Found a glowing golden altar of the Shining One.
  5290 | D:5      | Entered Level 5 of the Dungeon
  5336 | D:5      | Slain by an orc

Illustrated notes

Levels and vault maps discovered:
D:1:      psy_arrival_radial01, layout_basic, minmay_tetromino_i2
D:2:      wad_woods_stonehenge, layout_loops_ring,
          minmay_randomly_rotated_circles, uniq_natasha, uniq_robin
D:3:      layout_basic, nicolae_ecumenical_lake_church,
          chequers_serial_rivers_room_b, grunt_ministairs_3,
          chequers_mini_garden
D:4:      layout_rooms, mainiacjoe_overflow_brackets,
          lemuel_zombie_altar_yredelemnul, minmay_temple_entry_statues_pillars,
          serial_shops, shop
D:5:      layout_basic
D:6:      minmay_recursive_quarters, layout_loops_ring, old_standard_altar,
          ebering_ghost_disaster_area
D:7:      layout_loops_ring, jmf_multi_god_temple2, lemuel_crystal_altar,
          serial_glass, glass_columns_b, glass_columns_b, glass_columns_b,
          glass_columns_a, minmay_unpleasant_kobolds

Skill      XL: |  1  2  3  4  5  6 |
---------------+-------------------+-----
Crossbows      | 5 6 7 9 |  9.8
Dodging        | 3 |  3.0
Fighting       | 3 |  3.0
Stealth        | |  1.3

Action                   |  1- 3 |  4- 6 |  7- 9 || total
-------------------------+-------+-------+-------++-------
Melee: Short sword       |    87 |   213 |     3 ||   303
       Punch             |     1 |     3 |       ||     4
       Hand axe          |       |     3 |       ||     3
 Fire: Hand crossbow     |     6 |    35 |    19 ||    60
       Hunting sling     |       |     2 |       ||     2
 Stab: Sleeping          |    10 |     7 |       ||    17
Armor: Leather armour    |    14 |    72 |     2 ||    88
Dodge: Dodged            |    47 |   187 |     5 ||   239
